 Dungeon Crawl Stone Soup version 0.21-a0-2-ge494091 (webtiles) character file.

5922 Colliwobble the Cleaver (level 10, -6/93 HPs)
             Began as a Hill Orc Monk on May 20, 2017.
             Was a High Priest of Beogh.
             Mangled by an unseen horror (8 damage)
             ... on level 10 of the Dungeon on May 21, 2017.
             The game lasted 00:28:52 (13283 turns).

Colliwobble the Cleaver (Hill Orc Monk)            Turns: 13283, Time: 00:28:53

Health: -6/93      AC: 16    Str: 18    XL:     10   Next: 83%
Magic:  14/14      EV:  7    Int: 10    God:    Beogh [*****.]
Gold:   196        SH:  0    Dex: 18    Spells: 9/9 levels left

rFire    . . .     SeeInvis .   a - +0 war axe
rCold    . . .     Gourm    .   (no shield)
rNeg     . . .     Faith    .   m - +0 plate armour
rPois    .         Spirit   .   (no helmet)
rElec    .         Reflect  .   (no cloak)
rCorr    .         Harm     .   f - +0 pair of gloves {Dex+3}
MR       +....                  D - +1 pair of boots
Stlth    ..........             n - amulet of rage
Regen    0.3/turn               e - ring of protection from magic
MPRegen  0.2/turn               M - +2 ring of dexterity

@: no status effects
A: walk on water
a: Smiting, Recall Orcish Followers, Give Item to Named Follower, Renounce
Religion, Evoke Berserk Rage


You were on level 10 of the Dungeon.
You worshipped Beogh.
Beogh was extremely pleased with you.
You were hungry.

You visited 3 branches of the dungeon, and saw 12 of its levels.
You also visited: Ossuary.

You collected 548 gold pieces.
You spent 352 gold pieces at shops.

Inventory:

Hand Weapons
 a - a +0 war axe (weapon)
 b - a +2 shortbow of freezing
Missiles
 K - 163 arrows
 N - a throwing net (quivered)
Armour
 f - a +0 pair of gloves of dexterity (worn)
 m - a +0 plate armour (worn)
 D - a +1 pair of boots (worn)
Jewellery
 e - a ring of protection from magic (left hand)
 n - an amulet of rage (around neck)
 t - an uncursed ring of ice
 M - a +2 ring of dexterity (right hand)
Wands
 y - a wand of disintegration (12/24)
 H - a wand of iceblast (7/15)
 I - a wand of flame (11/48)
Scrolls
 c - 2 scrolls of immolation {unknown}
 d - 3 scrolls of teleportation
 j - 5 scrolls of identify
 k - 2 scrolls of recharging {unknown}
 o - 3 scrolls of enchant armour
 q - a scroll of fear {unknown}
 v - 5 scrolls of fog {unknown}
 w - 3 scrolls of remove curse
 x - a scroll of enchant weapon {unknown}
 F - a scroll of amnesia {unknown}
 L - a scroll of magic mapping
Potions
 g - 2 potions of invisibility
 h - 3 potions of cancellation
 l - 3 potions of ambrosia
 p - 4 potions of flight
 r - 3 potions of degeneration {unknown}
 u - 2 potions of brilliance {unknown}
 z - 7 potions of curing {unknown}
 A - 2 potions of heal wounds {unknown}
 B - a potion of resistance {unknown}
 J - a potion of berserk rage {unknown}
Comestibles
 i - 9 meat rations
 C - 9 fruits
 E - 5 royal jellies
 G - 9 bread rations


   Skills:
 + Level 9.9 Fighting
 * Level 14.5 Axes
 + Level 6.7 Armour
 - Level 2.4 Dodging
 - Level 1.5 Stealth
 - Level 6.3 Invocations


You had 9 spell levels left.
You didn't know any spells.

Dungeon Overview and Level Annotations

Branches:
Dungeon (10/15)            Temple (1/1) D:4            Lair (1/6) D:10
    Orc: D:9-12

Altars:
Ashenzari
Elyvilon
Gozag
Ru
Vehumet
Xom

Shops:
D:9 ?**%

Annotations:
D:4 stupid strong ghost


Message History

The wolf barely misses you. x2; The wolf bites you but does no damage.
The wolf bites you.
* * * LOW HITPOINT WARNING * * *
The wolf bites you.
* * * LOW HITPOINT WARNING * * *
The wolf completely misses you. Something hits you.
* * * LOW HITPOINT WARNING * * *
The wolf bites you.
* * * LOW HITPOINT WARNING * * *
The wolf bites you but does no damage.
Your orc knight hits the wolf with a halberd!!
The wolf dies!
Beogh accepts your kill. The wolf bites you but does no damage.
The wolf bites you.
* * * LOW HITPOINT WARNING * * *
Something hits you.
* * * LOW HITPOINT WARNING * * *
Something hits you!
You die...

##.....#.......#....<...# #....
##.....#.....^.#.....>..# #(.o.
##.....##......#........#####....
##o....##......#................o
##o.[..##.....)#.......#'#####...
##o.....####.....#####.#.....#...
.#o.....##.........###.#.....#...
.o.....##...........##.+.....#...
o#...........o†.@{.....#..##.#...
o#............h.......##..##.###.
.#.....#.....÷hh...............#.
.#.....##......)....#........oo#.
.#########.![)([...##........o.'.
#. .....####.[.[.####..........#.
#.# #........(................#.
#.####.......<#................#.
#............(#................#.


You could see 3 wolves and a friendly orc knight.

Vanquished Creatures
  A troll (D:10)
  Sigmund (D:2)
  2 wargs (D:10)
  A sky beast (D:6)
  4 ogres
  6 wolves
  2 centaurs
  3 bullfrogs
  2 water moccasin zombies (Ossuary)
  2 howler monkeys
  A crimson imp (D:5)
  A bullfrog zombie (D:8)
  A bullfrog skeleton (D:6)
  2 hounds
  An orc priest (D:4)
  A centaur skeleton (D:6)
  3 orc wizards
  Jessica (D:2)
  2 worker ants
  3 big kobold zombies (Ossuary)
  3 hound zombies
  A hound skeleton (D:6)
  2 mummies (Ossuary)
  A howler monkey skeleton (D:5)
  6 adders
  5 gnolls
  A shadow imp (D:6)
  2 oozes
  An adder skeleton (D:9)
  5 adder zombies (Ossuary)
  2 worms
  2 dart slugs (D:1)
  3 leopard geckos
  13 orcs
  2 ball pythons
  4 giant cockroaches
  2 gnoll zombies (Ossuary)
  11 goblins
  4 hobgoblins
  11 jackals
  14 kobolds
  2 quokkas (D:5)
  12 bats
  4 frilled lizards
  5 hobgoblin zombies (Ossuary)
  3 kobold zombies (Ossuary)
  2 leopard gecko skeletons
  5 orc zombies (Ossuary)
  2 quokka skeletons
  5 rats
  A fungus (D:1)
176 creatures vanquished.

Vanquished Creatures (collateral kills)
  2 two-headed ogres
  The ghost of Yezarul the Fighter, a novice FoFi (D:7)
  A centaur skeleton (D:9)
  The ghost of solxyz the Cudgeler, an amateur MiFi (D:4)
  A vampire (D:10)
  A hungry ghost (D:7)
  Duvessa (D:7)
  2 orc warriors
  A black bear (D:9)
  2 ice beasts
  An ogre (D:9)
  3 centaurs
  10 wolves
  A big kobold (D:8)
  4 bullfrogs
  Dowan (D:7)
  A scorpion (D:10)
  4 howler monkeys
  2 crimson imps
  2 orc priests (D:10)
  A gnoll shaman (D:7)
  4 orc wizards
  An iguana (D:8)
  A killer bee zombie (D:9)
  5 gnolls
  3 adders
  An adder skeleton (D:7)
  An adder zombie (D:7)
  A leopard gecko (D:7)
  6 orcs
  3 jackals (D:6)
  A kobold (D:8)
70 creatures vanquished.

Vanquished Creatures (others)
  2 orc warriors (Lair:1)
  5 orc priests
  2 orc wizards
  An adder (D:4)
  6 orcs
16 creatures vanquished.

Grand Total: 262 creatures vanquished

Notes
Turn   | Place    | Note
-------+----------+-------------------------------------------
     0 | D:1      | Colliwobble the Hill Orc Monk began the quest for the Orb.
     0 | D:1      | Reached XP level 1. HP: 19/19 MP: 1/1
    19 | D:1      | Reached XP level 2. HP: 25/27 MP: 2/2
   342 | D:1      | Reached XP level 3. HP: 12/33 MP: 3/3
   927 | D:1      | Reached skill level 5 in Axes
  1140 | D:2      | Reached skill level 1 in Armour
  1323 | D:2      | Found a shimmering altar of Xom.
  1366 | D:2      | Reached XP level 4. HP: 24/40 MP: 4/4
  1435 | D:2      | Noticed Jessica
  1463 | D:2      | Killed Jessica
  1902 | D:2      | Noticed Sigmund
  1912 | D:2      | Killed Sigmund
  1912 | D:2      | Reached skill level 5 in Fighting
  1912 | D:2      | Reached skill level 7 in Axes
  1912 | D:2      | Reached XP level 5. HP: 40/48 MP: 5/5
  1912 | D:2      | Reached XP level 6. HP: 47/56 MP: 6/6
  3572 | D:4      | Reached XP level 7. HP: 40/61 MP: 7/7
  3617 | D:4      | Became a worshipper of Beogh the Brigand
  3617 | D:4      | Reached * piety under Beogh
  3617 | D:4      | Reached ** piety under Beogh
  3643 | D:4      | HP: 3/61 [orc priest/divine providence (9)]
  3645 | D:4      | Reached skill level 8 in Axes
  3985 | D:4      | Found a staircase to the Ecumenical Temple.
  4025 | D:4      | Noticed solxyz's ghost (amateur MiFi)
  4041 | Temple   | Entered the Ecumenical Temple
  5274 | D:5      | Entered Level 5 of the Dungeon
  5384 | D:5      | Reached skill level 1 in Invocations
  5500 | D:5      | You fall through a shaft!
  5644 | D:5      | Found a sand-covered staircase.
  5654 | Ossuary  | Entered an ossuary
  6338 | Ossuary  | Reached skill level 9 in Axes
  7313 | D:6      | Reached XP level 8. HP: 14/70 MP: 6/10
  7946 | D:6      | Reached *** piety under Beogh
  8122 | D:6      | Found a radiant altar of Vehumet.
  8123 | D:6      | Found a white marble altar of Elyvilon.
  8123 | D:6      | Found a shattered altar of Ashenzari.
  8125 | D:6      | Found a sacrificial altar of Ru.
  8125 | D:6      | Found an opulent altar of Gozag.
  8195 | D:6      | Reached skill level 10 in Axes
  8902 | D:7      | Noticed Yezarul's ghost (novice FoFi)
  8902 | D:7      | Reached skill level 5 in Invocations
  8919 | D:7      | Killed Yezarul's ghost
  8919 | D:7      | Reached skill level 11 in Axes
  8919 | D:7      | Reached XP level 9. HP: 20/80 MP: 11/13
  9446 | D:4      | Killed solxyz's ghost
  9906 | D:7      | Noticed Duvessa
  9906 | D:7      | Noticed Dowan
  9915 | D:7      | Killed Duvessa
  9919 | D:7      | Killed Dowan
 10070 | D:7      | Reached skill level 12 in Axes
 10495 | D:8      | Reached **** piety under Beogh
 11005 | D:8      | Noticed a two-headed ogre
 11012 | D:8      | Killed a two-headed ogre
 11012 | D:8      | Reached skill level 13 in Axes
 11012 | D:8      | Reached skill level 5 in Armour
 11012 | D:8      | Reached XP level 10. HP: 90/90 MP: 14/14
 11652 | D:9      | Noticed a two-headed ogre
 11668 | D:9      | Killed a two-headed ogre
 11895 | D:9      | Found Egahel's Food Shop.
 12034 | D:9      | Found Awey's Assorted Antiques.
 12037 | D:9      | Bought a scroll of identify for 62 gold pieces
 12037 | D:9      | Bought a scroll of identify for 62 gold pieces
 12037 | D:9      | Bought a scroll of identify for 62 gold pieces
 12106 | D:9      | Found Lazogyho's Assorted Antiques.
 12113 | D:9      | Bought a scroll of identify for 56 gold pieces
 12174 | D:9      | Found Joavaawn's Magic Scroll Shop.
 12181 | D:9      | Bought a scroll of identify for 26 gold pieces
 12181 | D:9      | Bought a scroll of magic mapping for 45 gold pieces
 12181 | D:9      | Bought a scroll of teleportation for 39 gold pieces
 12317 | D:10     | Entered Level 10 of the Dungeon
 12317 | D:10     | Found a staircase to the Lair.
 12339 | D:10     | Reached skill level 14 in Axes
 12941 | Lair:1   | Entered Level 1 of the Lair of Beasts
 12970 | D:10     | Reached ***** piety under Beogh
 13283 | D:10     | HP: 2/93 [something (5)]
 13283 | D:10     | Mangled by an unseen horror

Vault maps used:
D:1:      minmay_arrival_semitransparent, minmay_gold_behind_fungi,
          minmay_misc_feat_cross
D:2:      minmay_tree_intersection, xom_teletrap_fun, uniq_jessica, uniq_sigmund
D:4:      minmay_temple_entry_trees, first_bread
D:5:      lightli_ossuary_entry_decrepit_ruins
D:6:      grunt_temple_overflow_open
D:7:      minmay_misc_feat_enclosed, uniq_duvessa
D:9:      serial_shops, kennysheep_mini_moat, shop_fountains,
          nicolae_shop_trees, shop, minmay_misc_feat_room, grunt_ogre_cave
D:10:     erik_lair_orcish_takeover
Temple:   regret_index_temple_sphere_string
Lair:1:   portal_ice_cave_entry_imps, grunt_forest_large_clearings
Ossuary:  ossuary_tomb_2

Skill      XL: |  1  2  3  4  5  6  7  8  9 10 |
---------------+-------------------------------+-----
Fighting       | 4 5 6 7 8 9 |  9.9
Axes           | 5 7 9 11 13 14 | 14.5
Armour         | 1 2 3 5 6 |  6.7
Invocations    | 3 5 6 |  6.3
Dodging        | |  2.4
Stealth        | |  1.5

Action                   |  1- 3 |  4- 6 |  7- 9 | 10-12 || total
-------------------------+-------+-------+-------+-------++-------
Melee: Hand axe          |   158 |   173 |   537 |    17 ||   885
       War axe           |       |       |       |    83 ||    83
 Fire: Hunting sling     |       |    19 |    12 |       ||    31
       Shortbow          |       |       |     1 |     3 ||     4
Invok: Smiting           |       |       |     3 |       ||     3
       Convert to Beogh  |       |       |     1 |       ||     1
       Recall Orcish Fol |       |       |       |     5 ||     5
 Abil: Evoke Berserk Rag |       |     1 |       |       ||     1
  Use: Scroll            |       |     2 |     3 |     3 ||     8
       Potion            |       |       |     1 |     1 ||     2
 Stab: Invisible         |       |       |     1 |       ||     1
       Distracted        |       |       |     3 |     1 ||     4
  Eat: Chunk             |     1 |     8 |    16 |     5 ||    30
       Bread ration      |       |       |     2 |       ||     2
       Royal jelly       |       |       |     1 |       ||     1
       Fruit             |       |       |       |     1 ||     1
Armor: Robe              |    16 |       |       |       ||    16
       Ring mail         |    27 |    29 |       |       ||    56
       Scale mail        |       |    11 |   123 |    22 ||   156
       Plate armour      |       |       |       |    96 ||    96
Dodge: Dodged            |   109 |    94 |   196 |    79 ||   478
